 Dungeon Crawl Stone Soup version 0.30-a0-297-g0ec75d9ef4 (webtiles) character file.

Game seed: 16584469379503392368

4175 Lanoc the Covert (level 10, 0/50 HPs)
             Began as a Kobold Enchanter on Oct 18, 2022.
             Was a Priest of Nemelex Xobeh.
             Slain by an orc priest
             ... wielding a +1 war axe of flaming
              (1 damage)
             ... on level 8 of the Dungeon.
             The game lasted 00:12:04 (6457 turns).

Lanoc the Covert (Kobold Enchanter)                 Turns: 6457, Time: 00:12:04

Health: 0/50       AC:  4    Str:  8    XL:     10   Next: 53%
Magic:  15/15      EV: 19    Int: 21    God:    Nemelex Xobeh [***...]
Gold:   379        SH:  0    Dex: 17    Spells: 11/13 levels left

rFire   . . .      SeeInvis .    y - +0 dagger (elec)
rCold   . . .      Faith    .    (no shield)
rNeg    . . .      Spirit   .    b - +0 robe
rPois   +          Reflect  .    a - +0 helmet "Daroc" {+Blink rElec Int+4 Slay+2}
rElec   +          Harm     .    u - +0 cloak
rCorr   .          Rampage  .    (no gloves)
Will    .....                    (no boots)
Stlth   +++++++...               j - amulet of the acrobat
HPRegen 0.28/turn                r - ring of poison resistance
MPRegen 0.14/turn                (no ring)

@: hasted, very quick
A: small, no large weapons, nightstalker 3
a: Renounce Religion, Evoke Blink, Draw Escape, Draw Destruction, Draw
Summoning, Triple Draw


You were on level 8 of the Dungeon.
You worshipped Nemelex Xobeh.
Nemelex Xobeh was most pleased with you.
You visited 1 branch of the dungeon, and saw 8 of its levels.

You collected 379 gold pieces.

Inventory:

Hand Weapons
 n - a +2 dagger of protection
 y - a +0 dagger of electrocution (weapon)
Armour
 a - the +0 helmet "Daroc" (worn) {+Blink rElec Int+4 Slay+2}
   (You found it on level 4 of the Dungeon)

   Int:       It affects your intelligence (+4).
   Slay:      It affects your accuracy & damage with ranged weapons and melee
   (+2).
   rElec:     It insulates you from electricity.
   +Blink:    It lets you blink.
 b - a +0 robe (worn)
 u - a +0 cloak (worn)
 C - an orb of guile
Jewellery
 j - an amulet of the acrobat (around neck)
 r - a ring of poison resistance (left hand)
 B - a ring of magical power
Scrolls
 d - a scroll of fear {unknown}
 e - 3 scrolls of enchant weapon {unknown}
 g - 2 scrolls of identify {unknown}
 i - 3 scrolls of noise {unknown}
 m - 2 scrolls of silence {unknown}
 o - 5 scrolls of teleportation {unknown}
 q - 2 scrolls of immolation {unknown}
 t - 2 scrolls of amnesia {unknown}
 v - a scroll of poison {unknown}
 w - 2 scrolls of vulnerability {unknown}
 x - a scroll of enchant armour {unknown}
Potions
 c - 2 potions of invisibility
 f - a potion of magic {unknown}
 h - a potion of might
 k - 2 potions of heal wounds {unknown}
 l - 2 potions of haste
 p - a potion of curing {unknown}
 s - a potion of cancellation {unknown}
 z - 2 potions of lignification {unknown}
 A - 2 potions of resistance {unknown}
 D - a potion of brilliance {unknown}
 E - a potion of mutation {unknown}
 F - 2 potions of flight {unknown}


   Skills:
 + Level 8.7 Short Blades
 + Level 8.2 Dodging
 * Level 13.6 Stealth
 - Level 2.1 Spellcasting
 - Level 3.0 Hexes
 + Level 6.9 Invocations


You had 11 spell levels left.
You knew the following spells:

 Your Spells              Type           Power      Damage    Failure   Level
a - Ensorcelled Hibernat  Hex/Ice        16%        N/A       12%         2

Your spell library contained the following spells:

 Spells                   Type           Power      Damage    Failure   Level
 Slow                     Hex            56%        N/A       4%          1
 Confusing Touch          Hex            14%        N/A       13%         3
 Tukima's Dance           Hex            14%        N/A       13%         3
 Blink                    Tloc           4%         N/A       22%         2
 Passwall                 Tmut/Erth      1%         N/A       22%         2
 Sublimation of Blood     Necr           2%         N/A       22%         2
 Wereblood                Tmut           2%         N/A       22%         2
 Dazzling Flash           Conj/Hex       16%        N/A       24%         3
 Ignite Poison            Fire/Tmut/Pois 2%         N/A       41%         3
 Spider Form              Tmut/Pois      2%         N/A       41%         3
 Stone Arrow              Conj/Erth      4%         3d7       41%         3
 Swiftness                Air            2%         N/A       41%         3
 Vampiric Draining        Necr           2%         2d6       41%         3
 Anguish                  Hex/Necr       4%         N/A       61%         4
 Animate Armour           Summ/Erth      4%         N/A       82%         4
 Manifold Assault         Tloc           2%         N/A       82%         4
 Sticky Flame             Conj/Fire      2%         2d3       82%         4
 Storm Form               Tmut/Air       1%         N/A       100%        7
 Summon Hydra             Summ           1%         N/A       100%        7
 Ignition                 Fire           1%         3d3       100%        8
 Lehudib's Crystal Spear  Conj/Erth      1%         10d2      100%        8


Dungeon Overview and Level Annotations

Branches:
Dungeon (8/15)             Temple (0/1) D:4
   Lair: D:8-11

Altars:
Ashenzari
Nemelex Xobeh
Okawaru
Wu Jian
Yredelemnul

Shops:
D:2 (


Innate Abilities, Weirdness & Mutations

You are small and have problems with some larger weapons.
You are completely attuned to the shadows.


Message History

Pain shoots through your body!
You hit the orc priest but do no damage.
You hit the orc priest but do no damage.
The orc priest hits you but does no damage.
The orc priest closely misses you.
You hit the orc priest.
The orc priest is moderately wounded.
The orc priest miscasts a cantrip.
The orc priest calls down the wrath of Beogh upon you.
You struggle to resist.
You hit the orc priest but do no damage.
The orc priest is moderately wounded.
You closely miss the orc priest.
The orc priest is moderately wounded.
The orc priest calls down the wrath of Beogh upon you.
Pain shoots through your body! The orc priest barely misses you.
You are too injured to fight recklessly!
You are too injured to fight recklessly!
You are too injured to fight recklessly!
You barely miss the orc priest.
The orc priest is moderately wounded.
You closely miss the orc priest.
The orc priest is moderately wounded.
The orc priest completely misses you.
The orc priest mumbles some strange prayers to Beogh against you.
Pain shoots through your body!
* * * LOW HITPOINT WARNING * * *
You hit the orc priest but do no damage.
The orc priest is moderately wounded.
You hit the orc priest but do no damage.
Lightning courses through the orc priest!
The orc priest is almost dead.
The orc priest mumbles some strange prayers to Beogh against you.
Pain shoots through your body!
* * * LOW HITPOINT WARNING * * *
The orc priest barely misses you.
It was a potion of haste.
You feel yourself speed up.
The orc priest hits you with a +1 war axe of flaming.
You die...
Your body disappears without a glow.

############### #..............
#.############# #.##...........
##### #'##.########## ##########
#...#####.#.#.........
.........###...#.).#.#.##.####.#.
.............8.'@o.#.#.....###.#.
...............#.o.#...........##
#.)###.#####...#####.........####
#...##.#.....#............####?[.
#.#....#.#.#.#.#.##.#..#..# .♣.
#.###..#.#.#.#.#.......#..#
............................
#.##.###.#.#.#.#.....#.#..#.#
#.#<.....#.#.#.#.<........#..


You could see 2 orc priests.

Vanquished Creatures
  A two-headed ogre (D:8)
  A hornet (D:7)
  4 yaks (D:8)
  2 steam dragons
  An orc warrior (D:8)
  3 sky beasts
  3 black bears
  3 ogres
  A kobold brigand (D:6)
  2 bullfrogs
  3 necrophages
  3 scorpions
  4 jellies
  3 orc priests
  4 hounds
  2 gnoll boudas
  Natasha (twice) (D:3)
  4 iguanas
  8 orc wizards
  11 gnolls
  5 adders
  A shadow imp (D:6)
  A white imp (D:6)
  An ufetubus (D:4)
  A dart slug (D:5)
  33 orcs
  8 ball pythons
  An endoplasm (D:1)
  5 goblins
  8 hobgoblins
  3 jackals
  6 kobolds
  5 quokkas
  5 bats
  2 frilled lizards (D:2)
  5 rats
155 creatures vanquished.

Vanquished Creatures (collateral kills)
  An orc priest (D:3)
  3 orc wizards (D:3)
  4 orcs (D:3)
  A ball python (D:3)
9 creatures vanquished.

Grand Total: 164 creatures vanquished

Notes
Turn   | Place    | Note
-------+----------+-------------------------------------------
     0 | D:1      | Lanoc the Kobold Enchanter began the quest for the Orb.
     0 | D:1      | Reached XP level 1. HP: 10/10 MP: 3/3
   139 | D:1      | Reached XP level 2. HP: 15/15 MP: 5/5
   556 | D:1      | Found a faded altar of an unknown god.
   560 | D:1      | Prayed at the altar of an unknown god.
   560 | D:1      | Became a worshipper of Nemelex Xobeh the Trickster
   560 | D:1      | Reached * piety under Nemelex Xobeh
   646 | D:2      | Found Ifaiceac's Weapon Shoppe.
   662 | D:2      | Received a gift from Nemelex Xobeh
   712 | D:2      | Found a basalt altar of Yredelemnul.
   808 | D:2      | Reached XP level 3. HP: 19/19 MP: 6/6
  1163 | D:3      | Reached skill level 5 in Stealth
  1203 | D:3      | Reached skill level 1 in Invocations
  1203 | D:3      | Reached XP level 4. HP: 11/24 MP: 7/7
  1207 | D:3      | Reached XP level 5. HP: 14/28 MP: 8/8
  1290 | D:3      | Reached skill level 6 in Stealth
  1314 | D:3      | Reached ** piety under Nemelex Xobeh
  1347 | D:3      | Noticed Natasha
  1365 | D:3      | Killed Natasha
  1617 | D:3      | HP: 1/28 [orc/+0 flail (1)]
  1747 | D:3      | Found a broken altar of Ashenzari.
  1801 | D:3      | Reached XP level 6. HP: 32/32 MP: 9/9
  1934 | D:3      | Noticed Natasha
  1948 | D:3      | Killed Natasha
  2033 | D:4      | Identified the +0 helmet "Daroc" {+Blink rElec Int+4
                  | Slay+2}
  2139 | D:4      | Noticed a black bear
  2143 | D:4      | Killed a black bear
  2144 | D:4      | Reached skill level 7 in Stealth
  2192 | D:4      | Reached XP level 7. HP: 35/36 MP: 10/10
  2219 | D:4      | Found a staircase to the Ecumenical Temple.
  2416 | D:4      | Reached skill level 8 in Stealth
  2499 | D:4      | Received a gift from Nemelex Xobeh
  2532 | D:4      | Reached skill level 5 in Dodging
  2566 | D:4      | Reached skill level 5 in Short Blades
  2566 | D:4      | Reached XP level 8. HP: 41/41 MP: 11/11
  2792 | D:5      | Entered Level 5 of the Dungeon
  2835 | D:5      | Reached skill level 9 in Stealth
  2921 | D:5      | Reached *** piety under Nemelex Xobeh
  3817 | D:6      | Reached skill level 10 in Stealth
  3830 | D:6      | Reached XP level 9. HP: 29/45 MP: 12/12
  4108 | D:6      | Reached skill level 5 in Invocations
  4273 | D:6      | Reached skill level 11 in Stealth
  4632 | D:7      | Noticed a hornet
  4635 | D:7      | Killed a hornet
  4689 | D:7      | Received a gift from Nemelex Xobeh
  5047 | D:7      | Learned a level 2 spell: Ensorcelled Hibernation
  5167 | D:7      | Reached skill level 12 in Stealth
  5739 | D:8      | Reached XP level 10. HP: 50/50 MP: 14/14
  5948 | D:8      | Received a gift from Nemelex Xobeh
  5989 | D:8      | Found an ornate altar of the Wu Jian Council.
  6173 | D:8      | Reached skill level 13 in Stealth
  6298 | D:8      | Noticed a two-headed ogre
  6311 | D:8      | Killed a two-headed ogre
  6427 | D:8      | Identified the +11 scale mail "Sadoyddi" {rF- rC+ Dex+4
                  | Stlth+}
  6442 | D:8      | Found an iron altar of Okawaru.
  6456 | D:8      | HP: 1/50 [orc priest/nerve-wracking pain (11)]
  6457 | D:8      | Slain by an orc priest

Illustrated notes

Levels and vault maps discovered:
D:1:      saegor_arrival_miasma, layout_rooms,
          shapermc_ecumenical_altar_mp_vishouse, minmay_misc_feat_roman
D:2:      layout_rooms, basic_altar, serial_shops, shop_fountains
D:3:      layout_basic, evilmike_ruin_ashenzari, uniq_natasha
D:4:      layout_rooms, minmay_temple_entry_hall, minmay_vboxes
D:5:      layout_cave_pools
D:6:      layout_basic, gammafunk_ghost_nasty_kobolds
D:7:      layout_loops_ring, nicolae_hexahallways
D:8:      layout_basic, mainiacjoe_overflow_alcove_4, gammafunk_ghost_smash,
          david_defended_altar_orc

Skill      XL: |  1  2  3  4  5  6  7  8  9 10 |
---------------+-------------------------------+-----
Short Blades   | 2 3 4 5 6 7 8 |  8.7
Stealth        | 5 6 7 8 10 12 13 | 13.6
Dodging        | 3 4 5 6 7 8 |  8.2
Invocations    | 1 2 3 4 6 |  6.9
Spellcasting   | |  2.1
Hexes          | |  3.0

Action                   |  1- 3 |  4- 6 |  7- 9 | 10-12 || total
-------------------------+-------+-------+-------+-------++-------
Melee: Dagger            |    51 |   138 |   430 |   115 ||   734
       Punch             |       |     2 |     7 |     2 ||    11
Invok: Draw Destruction  |     2 |     2 |     3 |       ||     7
       Draw Summoning    |     1 |       |       |       ||     1
  Use: Potion            |       |       |       |     1 ||     1
 Stab: Sleeping          |    20 |     8 |    26 |     1 ||    55
       Distracted        |       |       |     4 |     1 ||     5
Armor: Robe              |     8 |    30 |    72 |    10 ||   120
Dodge: Dodged            |    29 |   103 |   279 |    62 ||   473

Table legend: (Time is in decaauts)
 A = Elapsed time spent in this place.
 B = Non-inter-level travel time spent in this place.
 C = Inter-level travel time spent in this place.
 D = Time resting spent in this place.
 E = Time spent auto-exploring this place.
 F = Levels seen in this place.
 G = Mean time per level.
                   A        B        C        D        E       F      G
               +--------+--------+--------+--------+--------+-----+--------+
         Total |   6254 |   6090 |    164 |     42 |   4889 |   8 |  781.8 |
       Dungeon |   6254 |   6090 |    164 |     42 |   4889 |   8 |  781.8 |
               +--------+--------+--------+--------+--------+-----+--------+

Top non-repeatable levels by time:
     D:7: 1178 daAuts
     D:3: 910 daAuts
     D:5: 883 daAuts
     D:6: 763 daAuts
     D:4: 701 daAuts
     D:8: 685 daAuts
     D:1: 616 daAuts
     D:2: 515 daAuts
